 Dungeon Crawl Stone Soup version 0.28.0-53-g5a82cb258f (webtiles) character file.

Game seed: 14778551193743322427

139764 mortz the Slicer (level 17, -8/93 HPs)
             Began as a Kobold Earth Elementalist on July 17, 2022.
             Was the Champion of Elyvilon.
             Killed by divine providence
             ... invoked by a meliai
              (14 damage)
             ... on level 3 of the Spider Nest on July 19, 2022.
             The game lasted 05:35:26 (62492 turns).

mortz the Slicer (Kobold Earth Elementalist)       Turns: 62492, Time: 05:35:27

Health: -8/93      AC: 24    Str: 12 (13) XL:     17   Next: 89%
Magic:  17/32      EV: 13    Int: 20 (22) God:    Elyvilon [******]
Gold:   1121       SH: 15    Dex: 15 (16) Spells: 13/38 levels left

rFire   + . .      SeeInvis +   a - +9 rapier "Zossosyu" {vorpal, Str+4 SInv Stlth+, short}
rCold   . . .      Faith    .   D - +1 kite shield {rN+}
rNeg    + . .      Spirit   .   E - quicksilver dragon scales of the Ward {rPois Will+ Str+2, rare}
rPois   +          Reflect  +   R - +2 helmet
rElec   .          Harm     .   (no cloak)
rCorr   .          Rampage  .   G - +1 pair of gloves {Stlth+}
Will    ++...                   X - +2 pair of boots
Stlth   ++++++++..              Y - amulet of reflection
HPRegen 0.25/turn               O - ring of Moodiness {Wiz rF+}
MPRegen 0.23/turn               y - +4 ring of protection

@: no status effects
A: small, no large weapons, nightstalker 3
a: Renounce Religion, Purification, Heal Other, Heal Self, Divine Vigour


You were on level 3 of the Spider Nest.
You worshipped Elyvilon.
Elyvilon was exalted by your worship.
You visited 5 branches of the dungeon, and saw 28 of its levels.
You also visited: Bailey.

You collected 2537 gold pieces.
You spent 1416 gold pieces at shops.


Innate Abilities, Weirdness & Mutations

You are small and have problems with some larger weapons.
You are completely attuned to the shadows.


   Skills:
 + Level 6.1 Fighting
 - Level 14.0 Short Blades
 - Level 0.1 Maces & Flails
 + Level 6.9 Armour
 + Level 6.0 Dodging
 * Level 13.6 Stealth
 + Level 2.8 Shields
 + Level 11.3 Spellcasting
 + Level 11.9 Conjurations
 + Level 6.2 Translocations
 + Level 1.0 Transmutations
 * Level 8.7 Fire Magic
 + Level 13.1 Earth Magic
 * Level 11.5 Invocations
 + Level 0.5 Evocations


You had 13 spell levels left.
You knew the following spells:

 Your Spells              Type           Power      Damage    Failure   Level
a - Sandblast             Erth           100%       2d20      1%          1
b - Passwall              Tmut/Erth      32%        N/A       2%          2
c - Iskenderun's Mystic   Conj/Tloc      47%        2d10      6%          4
d - Lee's Rapid Deconstr  Erth           29%        3d16*     3%          5
e - Stone Arrow           Conj/Erth      100%       3d13      1%          3
f - Fireball              Conj/Fire      26%        3d12      11%         5
g - Iskenderun's Battles  Conj           56%        2d11      5%          5

Your spell library contained the following spells:

 Spells                   Type           Power      Damage    Failure   Level
 Shock                    Conj/Air       100%       1d9       2%          1
 Petrify                  Tmut/Erth      39%        N/A       14%         4
 Passage of Golubria      Tloc           36%        N/A       19%         4
 Sting                    Tmut/Pois      52%        1d5       21%         1
 Fulminant Prism          Conj/Hex       17%        3d11      21%         4
 Ensorcelled Hibernation  Hex/Ice        22%        N/A       34%         2
 Poisonous Vapours        Pois/Air       22%        N/A       34%         2
 Starburst                Conj/Fire      26%        6d8       45%         6
 Frozen Ramparts          Ice            22%        1d4       56%         3
 Swiftness                Air            11%        N/A       56%         3
 Tukima's Dance           Hex            11%        N/A       56%         3
 Orb of Destruction       Conj           28%        9d9       82%         7
 Ice Form                 Ice/Tmut       13%        N/A       87%         4
 Dispel Undead            Necr           11%        3d9       91%         4
 Olgreb's Toxic Radiance  Pois           11%        N/A       91%         4
 Summon Ice Beast         Ice/Summ       11%        N/A       91%         4
 Summon Lightning Spire   Summ/Air       11%        N/A       91%         4
 Conjure Ball Lightning   Conj/Air       17%        3x3d6     96%         6
 Yara's Violent Unravell  Hex/Tmut       6%         3d5       99%         5
 Haunt                    Necr/Summ      5%         N/A       100%        7
 Storm Form               Tmut/Air       6%         N/A       100%        7
 Borgnjor's Revivificati  Necr           5%         N/A       100%        8
 Ignition                 Fire           23%        3d8       100%        8
 Maxwell's Capacitive Co  Air            5%         ∞         100%        8

Inventory:

Hand Weapons
 a - the +9 rapier "Zossosyu" (weapon) {vorpal, Str+4 SInv Stlth+, short}
   (You found it on level 6 of the Dungeon)

   It inflicts extra damage upon your enemies.
   Str:       It affects your strength (+4).
   SInv:      It lets you see invisible.
   Stlth:     It makes you more stealthy.
 b - the +1 war axe "Oriloiba" {vorpal, rPois rF+ rC+ Str-3, axe}
   (You found it on level 6 of the Lair of Beasts)

   It inflicts extra damage upon your enemies.
   Str:       It affects your strength (-3).
   rF:        It protects you from fire.
   rC:        It protects you from cold.
   rPois:     It protects you from poison.
Missiles
 c - 556 stones {throwing}
Armour
 d - the +0 robe "Baragg" {Will+ Regen+ Dex+3}
   (You found it on level 15 of the Dungeon)

   Dex:       It affects your dexterity (+3).
   Regen:     It increases your rate of health regeneration.
   Will:      It increases your willpower.
 p - the +3 chain mail "Yfru" {rPois rF++ Will+++}
   (You found it on level 4 of the Dungeon)

   rF:        It greatly protects you from fire.
   rPois:     It protects you from poison.
   Will:      It greatly increases your willpower.
 u - +0 acid dragon scales
   (You found it on level 6 of the Dungeon)
 D - a +1 kite shield of positive energy (worn)
   (You took it off a tengu warrior on level 13 of the Dungeon)
 E - the quicksilver dragon scales of the Ward (worn) {rPois Will+ Str+2, rare}
   (You found it on level 6 of the Dungeon)

   Str:       It affects your strength (+2).
   rPois:     It protects you from poison.
   Will:      It increases your willpower.
 G - a +1 pair of gloves of stealth (worn)
   (You found it on level 3 of the Spider Nest)
 R - a +2 helmet (worn)
   (You bought it in a shop on level 2 of the Orcish Mines)
 X - a +2 pair of boots (worn)
   (You found it on level 3 of the Lair of Beasts)
Magical Staves
 e - a staff of cold {!astaff}
   (You found it on level 1 of the Spider Nest)
Jewellery
 f - an amulet of faith {!P}
   (You found it on level 3 of the Spider Nest)
 i - a +6 ring of strength
   (You found it on level 1 of the Dungeon)
 o - an amulet of the acrobat
   (You found it on level 11 of the Dungeon)
 y - a +4 ring of protection (right hand)
   (You took it off an orc on level 6 of the Dungeon)
 J - a ring of willpower
   (You found it on level 9 of the Dungeon)
 O - the ring of Moodiness (left hand) {Wiz rF+}
   (You took it off an orc on level 9 of the Dungeon)

   [ring of wizardry]

   It improves your spell success rate.
   rF:        It protects you from fire.
 P - a +6 ring of strength
   (You took it off a kobold on level 10 of the Dungeon)
 Q - a ring of willpower
   (You found it on level 9 of the Dungeon)
 V - a +6 ring of dexterity
   (You took it off a centaur on level 15 of the Dungeon)
 Y - an amulet of reflection (around neck)
   (You found it on level 6 of the Lair of Beasts)
 Z - a ring of resist corrosion
   (You found it on level 6 of the Lair of Beasts)
Wands
 l - a wand of flame (20)
   (You took it off Ijyb on level 3 of the Dungeon)
 r - a wand of paralysis (16)
   (You found it on level 4 of the Dungeon)
 s - a wand of iceblast (22)
   (You found it on level 5 of the Dungeon)
 C - a wand of polymorph (9)
   (You found it on level 6 of the Dungeon)
 U - a wand of digging (1)
   (You found it on level 2 of the Lair of Beasts)
Scrolls
 q - 3 scrolls of immolation {!r!r}
 t - 4 scrolls of fear
 F - 2 scrolls of summoning
 H - 5 scrolls of identify {@r1}
 S - 4 scrolls of fog
 T - 3 scrolls of teleportation {@r4}
 W - a scroll of enchant weapon
Potions
 g - 4 potions of heal wounds {@q2}
 h - 7 potions of mutation {!q}
 j - 2 potions of magic
 k - 6 potions of flight
 n - 2 potions of attraction {!q}
 v - 5 potions of curing {@q1}
 w - 6 potions of resistance
 z - 6 potions of cancellation
 A - 2 potions of ambrosia
 I - 4 potions of haste {@q3}
 K - 4 potions of brilliance
 L - a potion of invisibility
 M - a potion of lignification {!q}
 N - 2 potions of might
Miscellaneous
 x - a phantom mirror
   (You found it on level 4 of the Lair of Beasts)

Dungeon Overview and Level Annotations

Branches:
Dungeon (15/15)            Temple (1/1) D:6            Lair (6/6) D:11
 Shoals (0/4) Lair:3       Spider (4/4) Lair:2        Slime (0/5) Lair:5
    Orc (2/2) D:10            Elf (0/3) Orc:2        Vaults (0/5) D:14
 Depths (0/4) D:15         Bailey (visited)

Altars:
Ashenzari
Cheibriados
Dithmenos
Elyvilon
Fedhas
Gozag
Hepliaklqana
Kikubaaqudgha
Makhleb
Nemelex Xobeh
Okawaru
Qazlal
Ru
Sif Muna
Trog
Uskayaw
Vehumet
Wu Jian
Xom
Yredelemnul
Zin
The Shining One
Beogh
Jiyva

Shops:
D:9 *   D:10 (   Orc:2 [*:([

Portals:
Trove: D:12 (give 6 scrolls of fog)

Annotations:
Spider:1 3 runed translucent doors, GloriousHammer's ghost, adept TrBe; Lobster4's ghost, adept HOFE; fingers's ghost, journeyman VSBe; pkoi's ghost, journeyman DgCj
Spider:2 exclusion: downstairs

#.?.).# ##.# #....# ###
##.# ####..## ###.#
##..# ......## ##...#
##..##
..###.s######s...#
#...## .
##w....#.....###....##
#.s..sy.†.^###......##
#.....)...####.......##
#...##s.@....>##.....[#
##...)..#####.#####..<##
##....### #.<# ##...#
##...>.###..# #...##
###....##..# #....#
##.......# ##...#
##......# #...# ####..##
##.## #### ###


You could see a wolf spider, an orb spider (charged), a jumping spider and a
meliai.


Message History

The meliai hits you but does no damage. The meliai barely misses you.
A meliai comes into view. It is wielding a +0 hand axe.
The meliai hits you but does no damage. The meliai closely misses you.
The meliai misses you. The meliai barely misses you.
You block the wolf spider's attack.
The wolf spider bites you but does no damage.
The meliai misses you.
The meliai stings you but does no damage.
The jumping spider pounces on you!
* * * LOW HITPOINT WARNING * * *
You block the jumping spider's attack. The meliai hits you but does no damage.
The meliai stings you.
* * * LOW HITPOINT WARNING * * *
😱 HP[+5]
You regained 5 hp, and now have 16/93 hp.
Casting: Stone Arrow (safe; 1% risk of failure)
Confirm with . or Enter, or press ? or * to list all spells.
You erupt in a blast of force!
The mystic blast hits the jumping spider!
The jumping spider is knocked back by the mystic blast.
The jumping spider slams into the rock wall!
The mystic blast hits the meliai!
The meliai is knocked back by the mystic blast.
The meliai collides with the torpor snail!
The mystic blast hits the jumping spider!
The jumping spider is knocked back by the mystic blast.
The jumping spider slams into the rock wall!
The mystic blast hits the wolf spider!
The wolf spider is knocked back by the mystic blast.
The wolf spider slams into the rock wall!
The mystic blast hits the meliai.
The meliai is knocked back by the mystic blast.
The meliai slams into the rock wall!
The mystic blast hits the meliai!
The meliai is knocked back by the mystic blast.
The meliai collides with the jumping spider!
You block the wolf spider's attack. x2; You block the meliai's attack.
The meliai stings you.
* * * LOW HITPOINT WARNING * * *
An orb spider comes into view.
The meliai invokes the aid of its god against you.
Something smites you!
* * * LOW HITPOINT WARNING * * *
The meliai calls upon its god to heal the meliai.
The meliai is healed somewhat.
The wolf spider hits you! Elyvilon protects you from harm!
You block the wolf spider's attack. The meliai hits you but does no damage.
The meliai closely misses you. The jumping spider closely misses you.
The jumping spider bites you but does no damage. 😱 HP[-11] MP[-3]
You take 11 damage, and now have 5/93 hp.
You lost 3 mp, and now have 28/32 mp.
Really read
B - a scroll of blinking {!r}?
Blink to where?
Press: ? - help, Dir - move target, p - meliai
As you read the scroll of blinking {!r}, it crumbles to dust.
You feel yourself speed up.
The meliai calls upon its god to heal the meliai.
The meliai is healed somewhat.
The meliai calls upon its god to heal the meliai.
The meliai's wounds heal themselves!
Casting: Iskenderun's Mystic Blast (dangerous; 6% risk of failure)
Confirm with . or Enter, or press ? or * to list all spells.
You erupt in a blast of force!
The mystic blast hits the wolf spider.
The wolf spider is knocked back by the mystic blast.
The wolf spider slams into the rock wall!
The mystic blast hits the meliai!
You kill the meliai!
The mystic blast hits the meliai!!
You kill the meliai!
The jumping spider leaps! x2
You feel your dexterity returning. 😱 HP[+1] MP[-4]
You lost 4 mp, and now have 24/32 mp.
Casting: Iskenderun's Mystic Blast (dangerous; 6% risk of failure)
Confirm with . or Enter, or press ? or * to list all spells.
You erupt in a blast of force!
The mystic blast hits the jumping spider!
The jumping spider is knocked back by the mystic blast.
The mystic blast hits the wolf spider!
The mystic blast hits the meliai.
The meliai is knocked back by the mystic blast.
The meliai slams into the rock wall!
You block the wolf spider's attack. The wolf spider closely misses you.
You block the wolf spider's attack.
The wolf spider bites you but does no damage.
The jumping spider leaps! x2 😱 MP[-4]
You lost 4 mp, and now have 20/32 mp.
Casting: Iskenderun's Mystic Blast (dangerous; 6% risk of failure)
Confirm with . or Enter, or press ? or * to list all spells.
You erupt in a blast of force!
The mystic blast hits the jumping spider.
You kill the jumping spider!
The mystic blast hits the meliai.
The meliai is knocked back by the mystic blast.
The mystic blast hits the wolf spider!
The wolf spider is knocked back by the mystic blast.
The wolf spider slams into the rock wall!
The orb spider begins to weave its threads into a brightly glowing ball.
The meliai invokes the aid of its god against you.
Something smites you!
You die...

Skill      XL: |  1  2  3  4  5  6  7  8  9 10 11 12 13 14 15 16 17 |
---------------+----------------------------------------------------+-----
Stealth        | 3 4 5 6 7 8 9 10 11 13 | 13.6
Short Blades   | 1 2 3 4 7 9 10 11 13 14 | 14.0
Conjurations   | 1 3 5 6 7 8 9 10 11 | 11.9
Earth Magic    | 4 5 6 7 8 9 10 11 12 13 | 13.1
Spellcasting   | 3 5 6 7 8 9 10 11 | 11.3
Dodging        | 3 4 5 6 |  6.0
Invocations    | 1 3 4 5 7 8 9 10 11 | 11.5
Fighting       | 1 2 3 4 5 6 |  6.1
Armour         | 2 3 5 6 |  6.9
Translocations | 2 4 5 6 |  6.2
Fire Magic     | 3 4 6 7 8 |  8.7
Shields        | 1 2 |  2.8
Maces & Flails | |  0.1
Transmutations | |  1.0
Evocations     | |  0.5

Action                   |  1- 3 |  4- 6 |  7- 9 | 10-12 | 13-15 | 16-18 || total
-------------------------+-------+-------+-------+-------+-------+-------++-------
Melee: Club              |    22 |       |       |       |       |       ||    22
       Short sword       |    32 |    44 |    32 |       |       |       ||   108
       Punch             |     1 |       |       |     3 |     8 |     1 ||    13
       Rapier            |       |       |     9 |   204 |   292 |   166 ||   671
 Cast: Sandblast         |    23 |    21 |     9 |       |    21 |     6 ||    80
       Stone Arrow       |       |       |    60 |   142 |   376 |   312 ||   890
       Iskenderun's Myst |       |       |       |    20 |   230 |    83 ||   333
       Lee's Rapid Decon |       |       |       |       |     2 |     1 ||     3
       Iskenderun's Batt |       |       |       |       |       |    40 ||    40
Invok: Heal Other        |       |       |       |    12 |     6 |       ||    18
       Divine Vigour     |       |       |       |       |       |     2 ||     2
Evoke: Wand              |       |     1 |       |       |    18 |     2 ||    21
  Use: Scroll            |     2 |     7 |     3 |    13 |    12 |     7 ||    44
       Potion            |       |       |       |     3 |       |     8 ||    11
 Stab: Sleeping          |    17 |    16 |     7 |    50 |    28 |    49 ||   167
       Distracted        |       |       |       |     2 |    11 |     3 ||    16
       Petrified         |       |       |       |       |     1 |       ||     1
       Paralysed         |       |       |       |       |     1 |       ||     1
Armor: Robe              |     8 |     3 |     3 |       |       |       ||    14
       Quicksilver drago |       |       |     1 |    82 |   215 |   226 ||   524
Dodge: Dodged            |    36 |    17 |    51 |   150 |   431 |   202 ||   887
Block: Other             |       |       |       |       |    47 |    13 ||    60
       Reflection        |       |       |       |       |     2 |     7 ||     9
       Kite shield       |       |       |       |       |       |   293 ||   293

Levels and vault maps discovered:
D:1:      elethiomel_arrival_infinity_welcomes_careful_drivers,
          layout_loops_ring, chequers_ecumenical_altar_twisty
D:2:      layout_loops_cross, solitary_fountain
D:3:      layout_basic, mainiacjoe_overflow_catwalk,
          mainiacjoe_overflow_boulevard, st_stairs_8, minmay_misc_feat_hallway,
          uniq_natasha, uniq_ijyb
D:4:      layout_basic, bloody_makhleb
D:5:      layout_rooms
D:6:      layout_basic, mainiacjoe_overflow_alcove_1, temple_green,
          nrook_mini_vaults, minmay_hollow_rounded_squares, uniq_pikel
D:7:      layout_loops_ring, mainiacjoe_overflow_concentric_impassable
D:8:      layout_loops_cross, grunt_dithmenos_shadows, st_stairs_8,
          hangedman_decor_lopped
D:9:      layout_roguey, zin_purify, kennysheep_mini_moat,
          nemelex_xobeh_ov_fountains_minmay, serial_shops, shop,
          kennysheep_just_a_vault
D:10:     layout_roguey, mainiacjoe_overflow_swirl, orc_david_3, enter_bailey_2
D:11:     layout_loops_cross, lair_entry_dummy, kennysheep_small_spiral
D:12:     layout_basic, enter_trove_3,
          nicolae_gozag_cash_rules_everything_around_me, uniq_rupert,
          uniq_kirke, uniq_psyche, uniq_jorgrun
D:13:     layout_stronghold
D:14:     minmay_distorted_concentric_squares, layout_stronghold,
          skrybe_vaults_entry_preservation, xom_redecorated,
          serial_column_ruins, column_ruins_grid_2,
          column_ruins_open_small_water, column_ruins_columns_straight,
          column_ruins_grid_1, column_ruins_corridor_straight,
          nicolae_lava_and_water, lemuel_flamethrower_2
D:15:     grunt_enter_depths_giant_problem, layout_loops_corners,
          nicolae_ashenzari_skybound, tgw_trog
Temple:   jpeg_temple_clearing
Lair:1:   layout_gridlike, grunt_forest_small_clearing_treed
Lair:2:   layout_long_grid, hellmonk_spider_entry_life_and_decay, pond
Lair:3:   layout_gridlike, shoals_dummy_entry, nicolae_lair_run_with_the_wolves,
          grunt_megastairs_3, serial_bayou_shore_a
Lair:4:   layout_roguey
Lair:5:   layout_gridlike, slime_altar_2, infiniplex_staircase_pool_2,
          uniq_sonja
Lair:6:   grunt_lair_end_beastmaster, layout_gridlike,
          portal_ice_cave_entry_pillars_1
Spider:1: layout_chambers, gammafunk_ghost_cemetery,
          hangedman_spider_tarantella_strand
Spider:2: layout_spider_delve
Spider:3: layout_cave_pods, drop_trap, uniq_agnes
Spider:4: spider_rune_water
Orc:1:    layout_caves, dreamdust_deal_with_the_devil, minmay_orc_temple_a
Orc:2:    grunt_orc_gardens, layout_diamond_mine, grunt_orc_garden,
          grunt_orc_garden, grunt_orc_garden, grunt_orc_garden, serial_shops,
          shop, shop, gauntlet_entry_generic, basic_altar

Notes
Turn   | Place    | Note
-------+----------+-------------------------------------------
     0 | D:1      | mortz the Kobold Earth Elementalist began the quest for the
                  | Orb.
     0 | D:1      | Reached XP level 1. HP: 10/10 MP: 3/3
     0 | D:1      | magus.rc [v1.9.6]
   152 | D:1      | Reached XP level 2. HP: 15/15 MP: 3/5
   157 | D:1      | Learned a level 2 spell: Passwall
   463 | D:1      | Reached skill level 3 in Stealth
   474 | D:1      | HP: 2/15 [kobold/+0 short sword (3)]
   768 | D:1      | Reached XP level 3. HP: 16/19 MP: 4/6
  1154 | D:1      | Found a faded altar of an unknown god.
  1884 | D:2      | Reached skill level 1 in Short Blades
  1884 | D:2      | Reached XP level 4. HP: 15/24 MP: 7/7
  2408 | D:3      | Noticed a sky beast
  2548 | D:3      | Noticed Ijyb
  2556 | D:3      | Killed Ijyb
  2557 | D:3      | Reached skill level 2 in Short Blades
  2557 | D:3      | Reached skill level 4 in Stealth
  2736 | D:3      | You pick up a book of Fire and begin reading...
  2736 | D:3      | You add the spells Fireball, Starburst and Ignition to your
                  | library.
  2761 | D:3      | Reached XP level 5. HP: 28/28 MP: 8/8
  2787 | D:3      | Found a white marble altar of Elyvilon.
  2792 | D:3      | Became a worshipper of Elyvilon the Healer
  2810 | D:3      | Noticed Natasha
  2814 | D:3      | Killed Natasha
  2815 | D:3      | Reached skill level 3 in Short Blades
  2869 | D:3      | Found a hide-covered altar of Uskayaw.
  3080 | D:3      | HP: 7/28 [something (4)]
  3080 | D:3      | HP: 2/28 [something (5)]
  3082 | D:3      | Killed a sky beast
  3083 | D:3      | Reached skill level 1 in Conjurations
  3083 | D:3      | Reached skill level 4 in Earth Magic
  3083 | D:3      | Reached XP level 6. HP: 3/33 MP: 4/10
  3548 | D:3      | Reached * piety under Elyvilon
  3597 | D:3      | Noticed Natasha
  3601 | D:3      | Killed Natasha
  3602 | D:3      | Reached skill level 4 in Short Blades
  3741 | D:3      | Noticed Natasha
  3744 | D:3      | Killed Natasha
  3745 | D:3      | Reached skill level 5 in Stealth
  3897 | D:4      | Noticed an ogre
  4094 | D:4      | Noticed an ogre
  4149 | D:4      | Found a burning altar of Makhleb.
  4397 | D:4      | Identified the +3 chain mail "Yfru" {rPois rF++ Will+++}
  4491 | D:4      | Reached ** piety under Elyvilon
  4997 | D:5      | Entered Level 5 of the Dungeon
  5029 | D:5      | Reached XP level 7. HP: 37/37 MP: 11/11
  5064 | D:5      | HP: 2/37 [ogre/+0 giant spiked club (25)]
  5465 | D:5      | Reached skill level 2 in Conjurations
  5605 | D:5      | Reached skill level 3 in Spellcasting
  5619 | D:5      | Noticed a water moccasin
  5623 | D:5      | Killed a water moccasin
  5878 | D:4      | Reached skill level 3 in Conjurations
  5884 | D:4      | Learned a level 3 spell: Stone Arrow
  6075 | D:5      | Reached skill level 5 in Earth Magic
  6639 | D:5      | Reached XP level 8. HP: 42/42 MP: 2/13
  6839 | D:4      | Found a burning altar of Makhleb.
  7631 | D:6      | Reached skill level 4 in Conjurations
  7756 | D:6      | Found a large runed translucent door.
  7756 | D:6      | Found a large runed translucent door.
  7760 | D:6      | Found a large runed translucent door.
  7779 | D:6      | magus.rc [v1.9.6]
  8024 | D:6      | Found a large runed translucent door.
  8040 | D:6      | Reached skill level 4 in Spellcasting
  8144 | D:6      | Reached skill level 6 in Earth Magic
  8545 | D:6      | Found a staircase to the Ecumenical Temple.
  8651 | D:6      | Reached skill level 5 in Conjurations
  8749 | D:5      | HP: 10/42 [poisoned by a scorpion]
  8754 | D:5      | HP: 5/42 [poisoned by a scorpion]
  9076 | D:6      | Noticed Pikel
  9085 | D:6      | Killed Pikel
  9086 | D:6      | Reached skill level 3 in Dodging
  9086 | D:6      | Reached skill level 5 in Spellcasting
  9086 | D:6      | Reached skill level 1 in Invocations
  9086 | D:6      | Reached XP level 9. HP: 46/46 MP: 0/16
  9275 | D:6      | Found a snail-covered altar of Cheibriados.
  9350 | D:6      | Reached skill level 1 in Fighting
  9350 | D:6      | Reached skill level 7 in Earth Magic
  9350 | D:6      | Reached skill level 2 in Invocations
  9728 | D:6      | Reached skill level 6 in Stealth
  9732 | D:6      | Reached skill level 3 in Invocations
 10089 | D:6      | Identified the +9 rapier "Zossosyu" {vorpal, Str+4 SInv
                  | Stlth+}
 10092 | D:6      | Identified the quicksilver dragon scales of the Ward {rPois
                  | Will+ Str+2}
 10093 | D:6      | E - the quicksilver dragon scales of the Ward {rPois Will+
                  | Str+2, rare}
 10100 | D:6      | Identified the +5 scimitar of Regicide {drain, *Slow Dex+6}
 10137 | D:5      | You finish putting on the quicksilver dragon scales of the
                  | Ward {rPois Will+ Str+2, rare}.
 10367 | D:6      | Found a staircase to the Ecumenical Temple.
 10536 | D:6      | Found a snail-covered altar of Cheibriados.
 10555 | D:6      | Found a large runed translucent door.
 10556 | D:6      | Found a large runed translucent door.
 10784 | D:6      | Reached skill level 6 in Spellcasting
 10784 | D:6      | Reached skill level 6 in Conjurations
 11266 | D:7      | Reached XP level 10. HP: 50/52 MP: 19/19
 11299 | D:7      | Reached skill level 4 in Invocations
 11482 | D:7      | Reached *** piety under Elyvilon
 11541 | D:7      | Reached skill level 2 in Fighting
 11547 | D:7      | Found an iron altar of Okawaru.
 11622 | D:7      | Reached skill level 5 in Short Blades
 11622 | D:7      | You pick up a book of Blasting and begin reading...
 11622 | D:7      | You add the spells Fulminant Prism, Iskenderun's Mystic
                  | Blast and Lee's Rapid Deconstruction to your library.
 12078 | D:8      | Reached skill level 1 in Armour
 12088 | D:8      | Reached skill level 6 in Short Blades
 12476 | D:8      | You add the spells Sting, Poisonous Vapours and Olgreb's
                  | Toxic Radiance to your library.
 12923 | D:8      | Noticed a two-headed ogre
 12927 | D:8      | Killed a two-headed ogre
 12928 | D:8      | Reached skill level 7 in Short Blades
 12928 | D:8      | Reached skill level 8 in Earth Magic
 13136 | D:8      | Found a shadowy altar of Dithmenos.
 13243 | D:8      | Reached **** piety under Elyvilon
 13500 | D:9      | Noticed a kobold demonologist
 13500 | D:9      | Found Seinik's Assorted Antiques.
 13524 | D:9      | Noticed a manticore
 13579 | D:9      | Reached skill level 7 in Stealth
 13642 | D:9      | Found Zin's Purification Station.
 13645 | D:9      | Found a glowing silver altar of Zin.
 13696 | D:9      | Reached skill level 7 in Conjurations
 13813 | D:9      | Killed a manticore
 13814 | D:9      | Reached skill level 2 in Armour
 13814 | D:9      | Reached XP level 11. HP: 44/59 MP: 2/20
 13950 | D:9      | Noticed a centaur warrior
 13964 | D:9      | Found a sacrificial altar of Ru.
 14052 | D:9      | Found a sparkling altar of Nemelex Xobeh.
 14229 | D:9      | Reached skill level 8 in Short Blades
 14492 | D:9      | Bought a scroll labelled XYWYTA ZILUCW for 36 gold pieces
 14492 | D:9      | Bought a lumpy green potion for 32 gold pieces
 14492 | D:9      | Bought a scroll of identify for 72 gold pieces
 14492 | D:9      | Bought a scroll of identify for 72 gold pieces
 14629 | D:9      | Identified the ring of Moodiness {Wiz rF+}
 15091 | D:9      | Killed a centaur warrior
 15092 | D:9      | Reached skill level 3 in Fighting
 15092 | D:9      | Reached skill level 1 in Translocations
 15132 | D:10     | Entered Level 10 of the Dungeon
 15166 | D:10     | Found a flagged portal.
 15170 | D:10     | Identified the +11 halberd of Insufficient Pleasure {venom,
                  | Dex+7}
 15173 | Bailey   | Entered a bailey
 15496 | Bailey   | Noticed an orc knight
 15513 | Bailey   | Killed an orc knight
 15514 | Bailey   | Reached skill level 9 in Short Blades
 15879 | D:10     | Noticed a centaur warrior
 15901 | D:9      | HP: 15/60 [wyvern (3)]
 15904 | D:9      | HP: 6/60 [wyvern (10)]
 15911 | D:9      | HP: 15/60 [wyvern (12)]
 16147 | D:9      | Noticed a sun demon
 16148 | D:9      | Reached skill level 9 in Earth Magic
 16152 | D:9      | Reached skill level 8 in Stealth
 16158 | D:9      | Learned a level 5 spell: Lee's Rapid Deconstruction
 16163 | D:9      | Learned a level 4 spell: Iskenderun's Mystic Blast
 16328 | D:9      | Found a sparkling altar of Nemelex Xobeh.
 16406 | D:9      | Found Zin's Purification Station.
 16409 | D:9      | Found a glowing silver altar of Zin.
 16435 | D:9      | Found Seinik's Assorted Antiques.
 16647 | D:9      | Found a sacrificial altar of Ru.
 16742 | D:9      | Reached skill level 2 in Translocations
 16903 | D:10     | Killed a centaur warrior
 17446 | D:10     | Found Heufytzak's Weapon Emporium.
 17448 | D:10     | Found a staircase to the Orcish Mines.
 17929 | D:10     | Reached skill level 7 in Spellcasting
 17999 | D:10     | Noticed a manticore
 18002 | D:10     | Killed a manticore
 18003 | D:10     | Reached skill level 8 in Conjurations
 18239 | D:10     | Found a radiant altar of Vehumet.
 18261 | D:10     | Found a blossoming altar of Fedhas.
 18363 | D:10     | magus.rc [v1.9.6]
 18504 | D:11     | Noticed a two-headed ogre
 18508 | D:11     | Killed a two-headed ogre
 18517 | D:11     | Reached ***** piety under Elyvilon
 18531 | D:11     | Reached XP level 12. HP: 64/64 MP: 22/22
 19006 | D:11     | Reached skill level 3 in Translocations
 19139 | D:11     | Found a staircase to the Lair.
 19159 | D:11     | Reached skill level 3 in Armour
 19652 | Lair:1   | Entered Level 1 of the Lair of Beasts
 20357 | Lair:1   | Reached skill level 4 in Translocations
 20365 | Lair:1   | Reached skill level 10 in Short Blades
 20550 | Lair:1   | Reached skill level 5 in Invocations
 20599 | Lair:1   | Reached skill level 4 in Dodging
 21207 | Lair:2   | Noticed a six-headed hydra
 21211 | Lair:2   | Killed a six-headed hydra
 21212 | Lair:2   | Reached skill level 9 in Stealth
 21290 | Lair:2   | HP: 14/64 [poisoned by a cane toad]
 21310 | Lair:3   | Found a staircase to the Shoals.
 22152 | Lair:2   | Reached skill level 9 in Conjurations
 22153 | Lair:2   | Reached XP level 13. HP: 60/69 MP: 6/24
 22355 | Lair:2   | Reached skill level 4 in Armour
 22616 | Lair:1   | Reached skill level 10 in Earth Magic
 22823 | Lair:1   | Reached skill level 6 in Invocations
 23149 | Lair:2   | Reached skill level 11 in Short Blades
 23155 | Lair:2   | Found a hole to the Spider Nest.
 24002 | Lair:2   | Found a hole to the Spider Nest.
 24513 | Lair:2   | magus.rc [v1.9.6]
 24910 | Lair:3   | Reached skill level 1 in Fire Magic
 25345 | Lair:3   | Reached skill level 2 in Fire Magic
 25980 | Lair:3   | Reached skill level 3 in Fire Magic
 26767 | Lair:4   | Reached skill level 8 in Spellcasting
 27092 | Lair:4   | Reached skill level 5 in Armour
 27407 | Lair:5   | Noticed Sonja
 27408 | Lair:5   | Killed Sonja
 27570 | Lair:4   | Reached skill level 4 in Fighting
 27584 | Lair:4   | Reached skill level 7 in Invocations
 27823 | Lair:5   | Noticed an eight-headed hydra
 27827 | Lair:5   | Killed an eight-headed hydra
 27828 | Lair:5   | Reached XP level 14. HP: 76/76 MP: 26/26
 27834 | Lair:5   | Reached skill level 10 in Stealth
 27871 | Lair:4   | Reached skill level 5 in Translocations
 28103 | Lair:4   | Reached skill level 11 in Earth Magic
 28114 | Lair:4   | Reached skill level 12 in Short Blades
 28644 | Lair:5   | You pick up a book of the Sky and begin reading...
 28644 | Lair:5   | You add the spells Summon Lightning Spire, Storm Form and
                  | Maxwell's Capacitive Coupling to your library.
 28741 | Lair:5   | Found a runed translucent door.
 28741 | Lair:5   | Found a viscous altar of Jiyva.
 28741 | Lair:5   | Found a staircase to the Slime Pits.
 28905 | Lair:5   | HP: 17/76 [komodo dragon (20)]
 29548 | Lair:4   | Reached skill level 4 in Fire Magic
 29671 | Lair:4   | Learned a level 5 spell: Fireball
 29696 | Lair:5   | Reached skill level 5 in Dodging
 31272 | Lair:5   | Found a runed translucent door.
 31273 | Lair:5   | Found a viscous altar of Jiyva.
 31275 | Lair:5   | Found a staircase to the Slime Pits.
 31856 | Lair:6   | Entered Level 6 of the Lair of Beasts
 31920 | Lair:6   | magus.rc [v1.9.6]
 32308 | Lair:6   | Reached skill level 10 in Conjurations
 32742 | Lair:6   | Identified the +2 hunting sling of Jiem {flame, rPois Str+4
                  | Int+3 Dex+2}
 32949 | Lair:6   | Reached ****** piety under Elyvilon
 33624 | Lair:5   | Reached skill level 9 in Spellcasting
 33715 | Lair:6   | Reached skill level 13 in Short Blades
 34282 | Lair:6   | Reached skill level 8 in Invocations
 34725 | Lair:6   | Reached XP level 15. HP: 76/81 MP: 21/28
 34731 | Lair:6   | Reached skill level 5 in Fire Magic
 35557 | Lair:6   | Identified the +1 war axe "Oriloiba" {vorpal, rPois rF+ rC+
                  | Str-3}
 35559 | Lair:6   | You add the spells Shock, Dispel Undead, Haunt and
                  | Borgnjor's Revivification to your library.
 35559 | Lair:6   | Got Issoumok's Catalogue of the Sinister Birds
 35809 | Lair:6   | magus.rc [v1.9.6]
 36004 | D:9      | Bought 2 potions of curing for 180 gold pieces
 36173 | D:12     | Reached skill level 5 in Fighting
 36429 | D:12     | Found an opulent altar of Gozag.
 36692 | D:12     | Found a portal to a secret trove of treasure.
 36696 | D:12     | This trove needs 6 scrolls of fog to function. Give it the
                  | items?
 36792 | D:12     | Noticed Rupert
 36805 | D:12     | Noticed Jorgrun
 36811 | D:12     | Noticed Kirke
 36950 | D:12     | Killed Jorgrun
 37187 | D:12     | Noticed Psyche
 37205 | D:12     | Killed Psyche
 37559 | D:12     | Reached skill level 12 in Earth Magic
 38392 | D:12     | Found a portal to a secret trove of treasure.
 38539 | D:12     | Killed Kirke
 38540 | D:12     | Reached skill level 9 in Invocations
 38739 | D:12     | Found an opulent altar of Gozag.
 38838 | D:12     | Found an opulent altar of Gozag.
 38984 | D:12     | Killed Rupert
 38985 | D:12     | Reached skill level 6 in Armour
 39091 | D:12     | Found a portal to a secret trove of treasure.
 39630 | Orc:1    | Entered Level 1 of the Orcish Mines
 39734 | D:10     | magus.rc [v1.9.6]
 39761 | D:10     | Reached skill level 11 in Stealth
 39929 | Orc:1    | Noticed an orc warlord
 40361 | Orc:1    | Reached skill level 6 in Fire Magic
 40453 | Orc:1    | Noticed an orc warlord
 41196 | Orc:1    | Elyvilon protects you from harm!
 41790 | D:10     | Killed an orc warlord
 42005 | D:10     | Found Heufytzak's Weapon Emporium.
 42009 | D:10     | Found a staircase to the Orcish Mines.
 42294 | D:10     | Found a radiant altar of Vehumet.
 42316 | D:10     | Found a blossoming altar of Fedhas.
 43039 | Orc:1    | Killed an orc warlord
 43385 | Orc:1    | Found the +8 demon blade "Leech" {vamp, Harm Drain rN+}
 43762 | Orc:1    | magus.rc [v1.9.6]
 43763 | Orc:2    | Entered Level 2 of the Orcish Mines
 43765 | Orc:2    | Found Toalonk's General Store.
 43967 | Orc:2    | Found a staircase to the Elven Halls.
 44400 | Orc:2    | Noticed an orc warlord
 44411 | Orc:2    | Found Paimung's Distillery.
 44671 | Orc:2    | Found Byefioqo's Antique Weapon Boutique.
 44942 | Orc:2    | Reached XP level 16. HP: 87/87 MP: 1/29
 45335 | Orc:2    | Reached skill level 10 in Spellcasting
 45491 | Orc:1    | magus.rc [v1.9.6]
 45720 | Orc:2    | Bought a scroll of enchant armour for 105 gold pieces
 45827 | Orc:2    | Found Vedgh's Antique Armour Shoppe.
 45832 | Orc:2    | Bought a glowing helmet for 217 gold pieces
 45881 | Orc:2    | Found Bopnisax's Book Shop.
 45886 | Orc:2    | Bought a book of the Spheres for 702 gold pieces
 45886 | Orc:2    | You pick up a book of the Spheres and begin reading...
 45886 | Orc:2    | You add the spells Iskenderun's Battlesphere, Conjure Ball
                  | Lightning and Orb of Destruction to your library.
 45892 | Orc:2    | Learned a level 5 spell: Iskenderun's Battlesphere
 46233 | Orc:2    | Found Jyggaes's Armour Shoppe.
 46555 | Temple   | Entered the Ecumenical Temple
 47822 | D:13     | Reached skill level 11 in Conjurations
 48336 | D:13     | Reached skill level 14 in Short Blades
 48624 | D:14     | Reached skill level 1 in Shields
 49216 | D:14     | Reached skill level 7 in Fire Magic
 49379 | D:14     | You pick up a book of Rime and begin reading...
 49379 | D:14     | You add the spells Frozen Ramparts, Ice Form and Summon Ice
                  | Beast to your library.
 50246 | D:14     | Reached skill level 10 in Invocations
 50335 | D:14     | Found a shimmering altar of Xom.
 50344 | D:14     | Found a shimmering altar of Xom.
 50345 | D:14     | Found a shimmering altar of Xom.
 50381 | D:14     | Found a gate to the Vaults.
 50390 | D:14     | HP: 9/88 [centaur warrior simulacrum (22)]
 50409 | D:13     | HP: 22/105 [skeletal warrior/+0 long sword (16)]
 50411 | D:13     | HP: 3/105 [skeletal warrior/+0 long sword (19)]
 51875 | D:14     | Found a shimmering altar of Xom.
 51877 | D:14     | Found a shimmering altar of Xom.
 52165 | D:15     | Entered Level 15 of the Dungeon
 52315 | D:15     | Reached skill level 6 in Translocations
 53108 | D:14     | Found a shimmering altar of Xom.
 53111 | D:14     | Found a shimmering altar of Xom.
 53112 | D:14     | Found a shimmering altar of Xom.
 53139 | D:14     | Found a shimmering altar of Xom.
 53140 | D:14     | Found a shimmering altar of Xom.
 53274 | D:14     | Found a gate to the Vaults.
 53971 | D:15     | Found a broken altar of Ashenzari.
 54015 | D:15     | Identified the +0 robe "Baragg" {Will+ Regen+ Dex+3}
 54324 | D:14     | Reached XP level 17. HP: 87/92 MP: 1/31
 54985 | D:15     | Reached skill level 12 in Stealth
 54985 | D:15     | Reached skill level 8 in Fire Magic
 55080 | D:15     | Found a staircase to the Depths.
 55300 | D:15     | Found a bloodstained altar of Trog.
 55414 | D:15     | magus.rc [v1.9.6]
 55649 | Spider:1 | Entered Level 1 of the Spider Nest
 56330 | Spider:1 | Reached skill level 11 in Spellcasting
 56780 | Spider:1 | Found a runed translucent gate.
 56780 | Spider:1 | Found a runed translucent gate.
 56780 | Spider:1 | Found a runed translucent gate.
 56782 | Spider:1 | Noticed fingers's ghost (journeyman VSBe)
 56782 | Spider:1 | Noticed Lobster4's ghost (adept HOFE)
 56920 | Spider:1 | Reached skill level 11 in Invocations
 57115 | Spider:1 | You add the spells Tukima's Dance, Passage of Golubria and
                  | Yara's Violent Unravelling to your library.
 57303 | Spider:1 | You fall into a shaft and drop 1 floor!
 57526 | Spider:1 | Noticed GloriousHammer's ghost (adept TrBe)
 57526 | Spider:1 | Noticed pkoi's ghost (journeyman DgCj)
 57890 | Spider:2 | Reached skill level 13 in Stealth
 57898 | Spider:2 | Reached skill level 13 in Earth Magic
 58052 | Spider:2 | Reached skill level 2 in Shields
 58445 | Spider:1 | magus.rc [v1.9.6]
 59348 | Spider:2 | Reached skill level 6 in Fighting
 60018 | Spider:2 | HP: 23/93 [poisoned by a wolf spider]
 60022 | Spider:1 | Reached skill level 6 in Dodging
 60596 | Spider:2 | magus.rc [v1.9.6]
 60617 | Spider:3 | Noticed Agnes
 60630 | Spider:2 | You pick up a book of Burglary and begin reading...
 60630 | Spider:2 | You add the spells Ensorcelled Hibernation and Swiftness to
                  | your library.
 61191 | Spider:2 | HP: 20/93 [ghost moth (11)]
 61471 | Spider:4 | Entered Level 4 of the Spider Nest
 61515 | Spider:2 | HP: 16/93 [entropy weaver (10)]
 61515 | Spider:2 | HP: 7/93 [entropy weaver (9)]
 62005 | Spider:2 | Killed Agnes
 62486 | Spider:3 | HP: 12/93 [meliai/divine providence (15)]
 62488 | Spider:3 | HP: 5/93 [meliai/divine providence (8)]
 62488 | Spider:3 | Elyvilon protects you from harm!
 62492 | Spider:3 | Killed from afar by a meliai

Vanquished Creatures
  Jorgrun (D:12)
  Rupert (D:12)
  Kirke (D:12)
  Agnes (Spider:2)
  An emperor scorpion (Spider:1)
  2 ghost moths
  3 orc warlords
  An ironbound preserver (D:14)
  A stone giant (D:15)
  3 entropy weavers (Spider:2)
  2 catoblepae
  10 hydras
  6 boulder beetles
  2 ogre magi (D:15)
  2 radroaches
  10 centaur warriors
  11 death yaks
  15 two-headed ogres
  4 tengu warriors
  A deep troll shaman (Lair:6)
  3 orc high priests (Orc:2)
  Sonja (Lair:5)
  6 skeletal warriors
  3 pharaoh ants
  3 steelbarb worms
  6 orb spiders
  Pikel (D:6)
  2 deep elf pyromancers
  7 orc knights
  8 wolf spiders
  6 manticores
  3 orc sorcerers
  5 cyclopes
  4 ugly things (D:14)
  A moth of wrath (Spider:2)
  14 elephants
  5 black mambas
  4 torpor snails
  An unseen horror (D:11)
  An eye of devastation (shapeshifter) (D:14)
  11 cane toads
  2 kobold demonologists (D:9)
  2 demonic crawlers (Spider:2)
  Psyche (D:12)
  A yaktaur (D:14)
  10 komodo dragons
  2 tengu conjurers (D:15)
  3 trolls
  9 meliai
  15 tarantellas
  6 slime creatures
  A blink frog (shapeshifter) (D:14)
  13 blink frogs
  17 jumping spiders
  A centaur simulacrum (D:14)
  4 wraiths
  12 culicivoras
  6 wyverns
  59 yaks
  A golden eye (shapeshifter) (D:14)
  A fire elemental (Lair:6)
  6 hogs
  5 basilisks
  21 redbacks
  10 wargs
  8 vampire mosquitoes
  A swamp worm (shapeshifter) (D:13)
  2 acid dragons
  14 water moccasins
  2 sky beasts
  7 black bears
  43 orc warriors
  2 ice beasts
  3 necrophages (D:6)
  5 boggarts
  13 ogres
  44 wolves
  3 phantoms
  11 centaurs
  A lemure (D:5)
  5 kobold brigands
  11 bullfrogs
  3 scorpions
  A gnoll sergeant (D:10)
  7 wights
  8 killer bees
  An electric eel (D:11)
  2 howler monkeys
  A centaur zombie (D:9)
  2 hounds (D:6)
  8 orc priests
  A bullfrog skeleton (D:7)
  Ijyb (D:3)
  5 iguanas
  Natasha (thrice) (D:3)
  3 orc wizards
  A killer bee zombie (D:6)
  2 hound zombies (D:5)
  2 howler monkey zombies
  17 gnolls
  4 adders
  An adder skeleton (D:5)
  A worm (D:2)
  A dart slug (D:4)
  67 orcs
  3 ball pythons
  6 bats
  7 endoplasms
  3 giant cockroaches
  6 goblins
  7 hobgoblins
  3 jackals (D:1)
  6 quokkas
  8 frilled lizards
  27 kobolds
  11 rats
785 creatures vanquished.

Vanquished Creatures (others)
  A centaur simulacrum (D:14)
  59 fungi
  47 plants
  2 withered plants (Spider:1)
109 creatures vanquished.

Grand Total: 894 creatures vanquished

Table legend:
 A = Non-vault XP
 B = Vault XP
 C = Vault XP percentage of total XP
 D = Non-vault monster count
 E = Vault monster count
 F = Vault count percentage of total count
                 A         B        C        D         E       F
            +---------+---------+-------+---------+---------+-------
      Total |  151915 |   45883 |  23.2 |     632 |     153 |  19.5
            +---------+---------+-------+---------+---------+-------
        D:1 |      52 |       0 |   0.0 |      31 |       0 |   0.0
        D:2 |      33 |       0 |   0.0 |      10 |       0 |   0.0
        D:3 |     235 |      72 |  23.5 |      20 |       3 |  13.0
        D:4 |     354 |       0 |   0.0 |      12 |       0 |   0.0
        D:5 |     553 |       0 |   0.0 |      15 |       0 |   0.0
        D:6 |     431 |    1874 |  81.3 |       9 |      14 |  60.9
        D:7 |     963 |       0 |   0.0 |      14 |       0 |   0.0
        D:8 |    1880 |     919 |  32.8 |      19 |       2 |   9.5
        D:9 |    2828 |     836 |  22.8 |      42 |       1 |   2.3
       D:10 |    4530 |     551 |  10.8 |      30 |       9 |  23.1
       D:11 |    2910 |     389 |  11.8 |       7 |       2 |  22.2
       D:12 |    7242 |    6149 |  45.9 |      17 |       8 |  32.0
       D:13 |    9298 |     765 |   7.6 |      19 |       1 |   5.0
       D:14 |   11346 |    8465 |  42.7 |      21 |      15 |  41.7
       D:15 |   16979 |    1089 |   6.0 |      38 |       6 |  13.6
     Lair:1 |    5971 |       0 |   0.0 |      26 |       0 |   0.0
     Lair:2 |    5161 |    2274 |  30.6 |      24 |       8 |  25.0
     Lair:3 |    6003 |    2096 |  25.9 |      26 |       9 |  25.7
     Lair:4 |    9493 |       0 |   0.0 |      19 |       0 |   0.0
     Lair:5 |   10563 |    1326 |  11.2 |      43 |       3 |   6.5
     Lair:6 |   10074 |    7552 |  42.8 |      34 |      16 |  32.0
   Spider:1 |   16090 |     265 |   1.6 |      42 |       1 |   2.3
   Spider:2 |   19364 |    1428 |   6.9 |      48 |       1 |   2.0
   Spider:3 |    3126 |       0 |   0.0 |      10 |       0 |   0.0
      Orc:1 |    5035 |     413 |   7.6 |      45 |       8 |  15.1
      Orc:2 |    1401 |    8684 |  86.1 |      11 |      24 |  68.6
     Bailey |       0 |     736 | 100.0 |       0 |      22 | 100.0
            +---------+---------+-------+---------+---------+-------

Illustrated notes

Table legend:
 A = Kills in this place as a percentage of kills in entire the game.
 B = Kills by you in this place as a percentage of kills by you in the entire game.
 C = Kills by friends in this place as a percentage of kills by friends in the entire game.
 D = Other kills in this place as a percentage of other kills in the entire game.
 E = Experience gained in this place as a percentage of experience gained in the entire game.
 F = Experience gained in this place divided by the number of levels of this place that you have seen.
                   A       B       C       D       E      F
               +-------+-------+-------+-------+-------+----------------------
         Total | 100.0 | 100.0 |   N/A | 100.0 | 100.0 | 6820.6
       Dungeon |  46.5 |  46.4 |   N/A | 100.0 |  40.8 | 5382.9
          Lair |  26.5 |  26.5 |   N/A |   0.0 |  30.6 | 10085.5
   Spider Nest |  13.0 |  13.0 |   N/A |   0.0 |  20.4 | 10068.2
  Orcish Mines |  11.2 |  11.2 |   N/A |   0.0 |   7.9 | 7766.5
        Bailey |   2.8 |   2.8 |   N/A |   0.0 |   0.4 | 736.0
               +-------+-------+-------+-------+-------+----------------------

Table legend: (Time is in decaauts)
 A = Elapsed time spent in this place.
 B = Non-inter-level travel time spent in this place.
 C = Inter-level travel time spent in this place.
 D = Time resting spent in this place.
 E = Time spent auto-exploring this place.
 F = Levels seen in this place.
 G = Mean time per level.
                   A        B        C        D        E       F      G
               +--------+--------+--------+--------+--------+-----+--------+
         Total |  62562 |  58653 |   3909 |  10518 |  37148 |  29 | 2157.3 |
       Dungeon |  35063 |  32556 |   2507 |   3673 |  24545 |  15 | 2337.5 |
        Temple |    161 |    147 |     14 |      0 |    135 |   1 |  161.0 |
          Lair |  16213 |  15332 |    881 |   3447 |   8307 |   6 | 2702.2 |
   Spider Nest |   6890 |   6493 |    397 |   2784 |   1664 |   4 | 1722.5 |
  Orcish Mines |   3602 |   3494 |    108 |    341 |   2439 |   2 | 1801.0 |
        Bailey |    631 |    631 |      0 |    273 |     58 |   1 |  631.0 |
               +--------+--------+--------+--------+--------+-----+--------+

Top non-repeatable levels by time:
    D:10: 4421 daAuts
Spider:1: 4289 daAuts
    D:14: 4056 daAuts
  Lair:5: 3970 daAuts
  Lair:2: 2991 daAuts
     D:9: 2938 daAuts
  Lair:6: 2926 daAuts
     D:6: 2902 daAuts
    D:12: 2748 daAuts
    D:11: 2577 daAuts
     D:4: 2534 daAuts
    D:13: 2449 daAuts
  Lair:4: 2399 daAuts
   Orc:1: 2363 daAuts
Spider:2: 2361 daAuts
